 Dungeon Crawl Stone Soup version 0.30-a0-972-gf3ab3527aa (webtiles) character file.

Game seed: 1373020311411896386

768 Firecrotchwizard the Cleaver (level 7, 0/63 HPs)
             Began as a Hill Orc Monk on Apr 1, 2023.
             Was a Believer of Beogh.
             Slain by a hornet (5 damage)
             ... on level 7 of the Dungeon.
             The game lasted 00:10:58 (3430 turns).

Firecrotchwizard the Cleaver (Hill Orc Monk)        Turns: 3430, Time: 00:10:58

Health: 0/63       AC: 13    Str: 16    XL:     7   Next: 82%
Magic:  13/16      EV:  8    Int: 10    God:    Beogh [**....]
Gold:   103        SH:  0    Dex: 19    Spells: 6/6 levels left

rFire   . . .      SeeInvis .    u - +0 war axe {axe}
rCold   + . .      Faith    .    (no shield)
rNeg    . . .      Spirit   .    y - +3 chain mail {rC+}
rPois   .          Reflect  .    (no helmet)
rElec   .          Rampage  .    m - +0 cloak
rCorr   .                        (no gloves)
Will    .....                    (no boots) Stlth
                                 l - amulet of regeneration {@e2}
HPRegen 1.10/turn                h - +6 ring of dexterity
MPRegen 0.15/turn                v - ring of magical power

@: slowed, very slow
A: no striking features
a: Renounce Religion, Smiting


You were on level 7 of the Dungeon.
You worshipped Beogh.
Beogh was pleased with you.
You visited 1 branch of the dungeon, and saw 7 of its levels.

You collected 268 gold pieces.
You spent 165 gold pieces at shops.


   Skills:
 + Level 6.2 Fighting
 * Level 8.8 Axes
 + Level 4.3 Armour
 - Level 2.4 Dodging
 - Level 1.5 Stealth
 + Level 0.0 Invocations


You had 6 spell levels left.
You didn't know any spells.
Your spell library contained the following spells:

 Spells                   Type           Power      Damage    Failure   Level
 Foxfire                  Conj/Fire      0%         2x1d2     99%         1
 Kiss of Death            Conj/Necr      0%         2d5       99%         1
 Confusing Touch          Hex            0%         N/A       100%        3
 Mephitic Cloud           Conj/Pois/Air  0%         N/A       100%        3
 Dispel Undead            Necr           0%         3d6       100%        4
 Fireball                 Conj/Fire      0%         3d3       100%        5
 Starburst                Conj/Fire      0%         6d3       100%        6
 Maxwell's Capacitive Co  Air            0%         ∞         100%        8
 Necromutation            Tmut/Necr      0%         N/A       100%        8

Inventory:

Hand Weapons
 a - a +0 hand axe {axe}
 u - a +0 war axe (weapon) {axe}
   (You found it on level 4 of the Dungeon)
Missiles
 b - 3 boomerangs {throwing}
 e - 58 stones (quivered) {throwing}
Armour
 g - a +0 ring mail
   (You found it on level 1 of the Dungeon)
 m - a +0 cloak (worn)
   (You found it on level 3 of the Dungeon)
 y - a +3 chain mail of cold resistance (worn)
   (You bought it in a shop on level 6 of the Dungeon)
Jewellery
 h - a +6 ring of dexterity (left hand)
   (You found it on level 2 of the Dungeon)
 l - an amulet of regeneration (around neck) {@e2}
   (You found it on level 6 of the Dungeon)
 v - a ring of magical power (right hand)
   (You found it on level 4 of the Dungeon)
Wands
 q - a wand of charming (30)
   (You found it on level 6 of the Dungeon)
 t - a wand of flame (14)
   (You found it on level 4 of the Dungeon)
Scrolls
 c - 3 scrolls of immolation {unknown}
 d - a scroll of silence {unknown}
 f - a scroll of noise {unknown}
 i - 2 scrolls of identify {unknown}
 j - 3 scrolls of teleportation {unknown}
 k - a scroll of magic mapping {unknown}
 n - a scroll of poison {unknown}
 o - 2 scrolls of enchant weapon {unknown}
 w - a scroll of enchant armour {unknown}
Potions
 r - 2 potions of haste {unknown}
 s - a potion of might {unknown}
 x - a potion of brilliance {unknown}
 z - a potion of flight {unknown}
 G - a potion of ambrosia {!q}

Dungeon Overview and Level Annotations

Branches:
Dungeon (7/15) Zot: 26985  Temple (0/1) D:6

Altars:
Ashenzari
Elyvilon
Uskayaw

Shops:
D:6 **

Annotations:
D:4 Menkaure

## #..
#..###+###
#........#
#........#
#....y...#
#....@...#
#..####..#
# .# #


You could see a hornet.


Message History

You take 2 damage, and now have 50/63 hp.
You hit the black bear.
You kill the black bear!
Beogh accepts your kill. 😕 HP[+2]
You regained 2 hp, and now have 52/63 hp. 😕 HP[+1]
You see here a +0 dagger {short}.
There is an open door here.
There is an open door here.
There is a fountain of clear blue water here.
There is a staircase to the Ecumenical Temple here.
There is a fountain of clear blue water here.
There is a stone staircase leading down here.
An adder comes into view.
The adder hisses angrily. 😎 HP[+10]
Your hp is fully restored (63).
You barely miss the adder. The adder closely misses you.
You hit the adder. The adder barely misses you.
The adder bites you but does no damage.
You closely miss the adder. The adder barely misses you.
You slash the adder!
The adder bites you but does no damage. x2
You miss the adder. The adder bites you but does no damage.
You barely miss the adder.
The adder bites you but does no damage. x2
You closely miss the adder. The adder bites you but does no damage.
You slash the adder!
You kill the adder!
Beogh accepts your kill.
You see here an adder corpse.
Done exploring.
Done exploring.
You see here an adder corpse.
There is a stone staircase leading down here.
You climb downwards.
The hornet buzzes angrily.
There is a stone staircase leading up here.
Aiming: Throw Flame
Press: ? - help, Shift-Dir - straight line, f - hornet
Aim: a hornet (52% to hit)
The puff of flame hits the hornet.
You closely miss the hornet. The hornet stings you!
You are poisoned.
You suddenly lose the ability to move!
The hornet stings you!
You shrug off the repeated paralysis!
You feel very sick. The hornet stings you.
You are more poisoned.
You feel yourself slow down.
You can move again. 😮 HP[-27]
You take 27 damage, and now have 36/63 hp.
MASSIVE DAMAGE!! (PAUSE) It was a potion of curing.
You feel better. The hornet closely misses you.
The hornet barely misses you. 😮 HP[+11]
You regained 11 hp, and now have 47/63 hp.
You closely miss the hornet.
The hornet stings you but does no damage.
The hornet barely misses you. The hornet stings you!
You feel as though you will be slow longer. 😮 HP[-9]
You take 9 damage, and now have 38/63 hp.
You hit the hornet but do no damage. The hornet stings you.
You suddenly lose the ability to move!
The hornet stings you.
You shrug off the repeated paralysis!
The hornet stings you.
* * * LOW HITPOINT WARNING * * *
You feel as though you will be slow longer.
The hornet stings you!
* * * LOW HITPOINT WARNING * * *
You shrug off the repeated paralysis!
You can move again. 😨 HP[-20]
You take 20 damage, and now have 18/63 hp.
MASSIVE DAMAGE!! (PAUSE)
Aiming: Smiting
Press: ? - help, Dir - move target, f/p - hornet Smite: a hornet (lightly wounded)
You fail to use your ability.
The hornet stings you!
* * * LOW HITPOINT WARNING * * *
You feel as though you will be slow longer.
The hornet stings you!
* * * LOW HITPOINT WARNING * * *
You feel as though you will be slow longer. 😱 HP[-13]
You take 13 damage, and now have 5/63 hp.
MASSIVE DAMAGE!! (PAUSE)
You feel better. The hornet barely misses you. The hornet stings you!
* * * LOW HITPOINT WARNING * * *
You feel as though you will be slow longer. 😱 HP[-2]
You take 2 damage, and now have 3/63 hp.
Unknown command.
Aiming: Smiting
Press: ? - help, Dir - move target, f/p - hornet Smite: a hornet (lightly wounded)
You smite the hornet!
The hornet closely misses you. The hornet stings you.
You die...

Skill      XL: |  1  2  3  4  5  6  7 |
---------------+----------------------+-----
Armour         | 1 2 3 4 |  4.3
Fighting       | 4 5 6 |  6.2
Axes           | 5 6 7 8 |  8.8
Dodging        | |  2.4
Stealth        | |  1.5

Action                     |  1- 3 |  4- 6 |  7- 9 || total
---------------------------+-------+-------+-------++-------
  Melee: Hand axe          |    99 |    12 |       ||   111
         Punch             |     1 |       |     1 ||     2
         War axe           |       |    79 |    37 ||   116
 Invoke: Convert to Beogh  |       |     1 |       ||     1
         Smiting           |       |       |     1 ||     1
  Evoke: Wand              |       |     5 |     1 ||     6
    Use: Potion            |       |       |     2 ||     2
   Stab: Sleeping          |     3 |       |       ||     3
 Armour: Robe              |     7 |       |       ||     7
         Ring mail         |    36 |    33 |       ||    69
         Chain mail        |       |     9 |    47 ||    56
  Dodge: Dodged            |    39 |    57 |    25 ||   121

Levels and vault maps discovered:
D:1:      dpeg_cavernosity, layout_basic, serial_shops, shop
D:2:      layout_rooms
D:3:      minmay_wonky_spiral, layout_loops_ring, mainiacjoe_overflow_brackets,
          general_overflow_altar, basic_ecumenical_altar
D:4:      layout_basic, nicolae_ashenzari_skybound, grunt_ministairs_13,
          uniq_menkaure
D:5:      layout_basic, chequers_serial_rivers_micro_d, uniq_prince_ribbit1
D:6:      layout_gridville, minmay_temple_entry_antechambers, serial_shops,
          shop, nicolae_shop_clearance
D:7:      layout_gridville, chequers_arboretum

Notes
Turn   | Place    | Note
-------+----------+-------------------------------------------
     0 | D:1      | Firecrotchwizard the Hill Orc Monk began the quest for the
                  | Orb.
     0 | D:1      | Reached XP level 1. HP: 19/19 MP: 1/1
    63 | D:1      | magus.rc [v1.9.6]
   226 | D:2      | Reached XP level 2. HP: 24/27 MP: 2/2
   296 | D:3      | Found a faded altar of an unknown god.
   349 | D:3      | Reached skill level 1 in Armour
   365 | D:3      | Reached skill level 4 in Fighting
   365 | D:3      | Reached skill level 5 in Axes
   365 | D:3      | Reached XP level 3. HP: 14/33 MP: 3/3
   367 | D:3      | HP: 7/33 [orc/+0 hand axe (6)]
   632 | D:3      | You pick up a book of Fire and begin reading...
   632 | D:3      | You add the spells Foxfire, Fireball and Starburst to your
                  | library.
   677 | D:3      | Found a white marble altar of Elyvilon.
   687 | D:3      | Found a hide-covered altar of Uskayaw.
   801 | D:3      | Reached XP level 4. HP: 28/40 MP: 4/4
  1421 | D:4      | You pick up a book of Touch and begin reading...
  1421 | D:4      | You add the spells Kiss of Death, Confusing Touch and
                  | Dispel Undead to your library.
  1623 | D:4      | Found a broken altar of Ashenzari.
  1750 | D:4      | Noticed Menkaure
  1851 | D:5      | Entered Level 5 of the Dungeon
  1869 | D:5      | Reached skill level 2 in Armour
  2031 | D:5      | Reached skill level 6 in Axes
  2031 | D:5      | Reached XP level 5. HP: 45/47 MP: 5/5
  2082 | D:5      | Noticed Prince Ribbit
  2097 | D:5      | Killed Prince Ribbit
  2098 | D:5      | Reached skill level 5 in Fighting
  2098 | D:5      | Reached skill level 7 in Axes
  2098 | D:5      | Reached skill level 3 in Armour
  2098 | D:5      | Reached XP level 6. HP: 23/56 MP: 6/6
  2350 | D:5      | Noticed a kobold demonologist
  2649 | D:6      | Found Jiripue's Assorted Antiques.
  2654 | D:6      | Bought a shiny chain mail for 165 gold pieces
  2724 | D:6      | Became a worshipper of Beogh the Brigand
  2724 | D:6      | Reached * piety under Beogh
  2724 | D:6      | Reached ** piety under Beogh
  2746 | D:6      | Found Irelafor's CLEARANCE SALE!.
  2843 | D:6      | Noticed a wyvern
  2857 | D:6      | Killed a wyvern
  2858 | D:6      | Reached skill level 8 in Axes
  2858 | D:6      | Reached XP level 7. HP: 61/62 MP: 7/7
  2978 | D:6      | Found a staircase to the Ecumenical Temple.
  3045 | D:6      | Reached skill level 6 in Fighting
  3045 | D:6      | Reached skill level 4 in Armour
  3197 | D:6      | You add the spells Mephitic Cloud, Maxwell's Capacitive
                  | Coupling and Necromutation to your library.
  3197 | D:6      | Got the Catalogue of the Charnel Lungs
  3420 | D:7      | Noticed a hornet
  3422 | D:7      | Paralysed by a hornet for 2 turns
  3426 | D:7      | Paralysed by a hornet for 2 turns
  3428 | D:7      | HP: 12/63 [hornet (8)]
  3428 | D:7      | HP: 5/63 [hornet (7)]
  3430 | D:7      | Slain by a hornet

Vanquished Creatures
  Prince Ribbit (D:5)
  A wyvern (D:6)
  A black bear (D:6)
  A centaur (D:6)
  A howler monkey (D:6)
  A hound (D:5)
  2 iguanas (D:5)
  An orc wizard (D:3)
  6 adders
  A white imp (D:6)
  An ufetubus (D:6)
  4 orcs
  2 ball pythons (D:3)
  3 bats
  3 endoplasms
  5 giant cockroaches
  4 hobgoblins
  5 jackals
  4 kobolds
  4 quokkas
  A frilled lizard (D:2)
  A goblin (D:3)
  6 rats
59 creatures vanquished.

Vanquished Creatures (others)
  An orc (D:6)
1 creature vanquished.

Grand Total: 60 creatures vanquished

Table legend:
 A = Non-vault XP
 B = Vault XP
 C = Vault XP percentage of total XP
 D = Non-vault monster count
 E = Vault monster count
 F = Vault count percentage of total count
                 A         B        C        D         E       F
            +---------+---------+-------+---------+---------+-------
      Total |     796 |     302 |  27.5 |      47 |      12 |  20.3
            +---------+---------+-------+---------+---------+-------
        D:1 |       4 |       5 |  55.6 |       2 |       4 |  66.7
        D:2 |       6 |       0 |   0.0 |       4 |       0 |   0.0
        D:3 |      73 |       6 |   7.6 |      15 |       4 |  21.1
        D:4 |      10 |      17 |  63.0 |       6 |       3 |  33.3
        D:5 |     136 |     274 |  66.8 |      10 |       1 |   9.1
        D:6 |     567 |       0 |   0.0 |      10 |       0 |   0.0
            +---------+---------+-------+---------+---------+-------

Illustrated notes

Table legend:
 A = Kills in this place as a percentage of kills in the entire game.
 B = Kills by you in this place as a percentage of kills by you in the entire game.
 C = Kills by friends in this place as a percentage of kills by friends in the entire game.
 D = Other kills in this place as a percentage of other kills in the entire game.
 E = Experience gained in this place as a percentage of experience gained in the entire game.
 F = Experience gained in this place divided by the number of levels of this place that you have seen.
                   A       B       C       D       E      F
               +-------+-------+-------+-------+-------+----------------------
         Total | 100.0 | 100.0 |   N/A |   N/A | 100.0 | 156.9
       Dungeon | 100.0 | 100.0 |   N/A |   N/A | 100.0 | 156.9
               +-------+-------+-------+-------+-------+----------------------

Table legend: (Time is in decaauts)
 A = Elapsed time spent in this place.
 B = Non-inter-level travel time spent in this place.
 C = Inter-level travel time spent in this place.
 D = Time resting spent in this place.
 E = Time spent auto-exploring this place.
 F = Levels seen in this place.
 G = Mean time per level.
                   A        B        C        D        E       F      G
               +--------+--------+--------+--------+--------+-----+--------+
         Total |   3454 |   3361 |     93 |    212 |   2460 |   7 |  493.4 |
       Dungeon |   3454 |   3361 |     93 |    212 |   2460 |   7 |  493.4 |
               +--------+--------+--------+--------+--------+-----+--------+

Top non-repeatable levels by time:
     D:6: 991 daAuts
     D:3: 989 daAuts
     D:5: 587 daAuts
     D:4: 575 daAuts
     D:1: 218 daAuts
     D:2: 78 daAuts
     D:7: 12 daAuts
